 Dungeon Crawl Stone Soup version 0.31-a0-117-g42d8f58691 (webtiles) character file.

Game seed: 11934202919969493226

1022 voltaire321 the Charlatan (level 8, -3/60 HPs)
             Began as a Demonspawn Artificer on May 30, 2023.
             Was an Initiate of Gozag.
             Slain by Edmund
             ... wielding a +1 heavy flail
              (16 damage)
             ... on level 6 of the Dungeon.
             The game lasted 00:15:06 (5245 turns).

voltaire321 the Charlatan (Demonspawn Artificer)    Turns: 5245, Time: 00:15:06

Health: -3/60      AC:  8    Str: 15    XL:     8   Next: 2%
Magic:  19/19      EV: 12    Int: 14    God:    Gozag
Gold:   537        SH:  5    Dex: 20    Spells: 9/10 levels left

rFire   . . .        g - +1 trident (heavy)
rCold   + . .        w - +0 buckler
rNeg    . . .        A - +0 ring mail "Tunwox" {Rampage rC+ Int+2}
rPois   .            x - +0 helmet
rElec   .            a - +0 cloak
rCorr   .            (no gloves)
SInv    .            (no boots)
Will    .....        h - amulet of regeneration
Stlth   +++++        n - ring of magical power
HPRegen 1.10/turn    (no ring)
MPRegen 0.16/turn

%: rampage
@: studying Throwing
A: thin skeletal structure 3, demonic magic 1, weakness stinger 1
a: Renounce Religion, Potion Petition, Call Merchant, Bribe Branch


You were on level 6 of the Dungeon.
You worshipped Gozag.
Gozag was pleased with you.
You visited 2 branches of the dungeon, and saw 7 of its levels.
You also visited: Ossuary.

You collected 599 gold pieces.
You paid 62 gold pieces to Gozag.

Inventory:

Hand Weapons
 f - a +0 flail
 g - a +1 heavy trident (weapon)
 q - a +0 rapier
Missiles
 C - 5 silver boomerangs (quivered)
 D - 4 poisoned darts
 E - 6 datura-tipped darts
Armour
 a - a +0 cloak (worn)
 w - a +0 buckler (worn)
 x - a +0 helmet (worn)
 A - the +0 ring mail "Tunwox" (worn) {Rampage rC+ Int+2}
   (You found it on level 3 of the Dungeon)

   Int:       It affects your intelligence (+2).
   rC:        It protects you from cold.
   Rampage:   It bestows one free step when moving towards enemies.
Jewellery
 h - an amulet of regeneration (around neck)
 n - a ring of magical power (left hand)
 s - an amulet of faith
 z - the Hermit's Pendant {Faith Invo=14 Evo=0 MP+5}
   (You found it on level 3 of the Dungeon)

   [amulet of faith]

   Invo=14: It sets your Invocations skill to 14.
   Evo=0: It sets your Evocations skill to 0.
   It allows you to gain divine favour quickly.
   MP:        It affects your magic capacity (+5).
 H - an amulet of guardian spirit
Wands
 c - a wand of flame (8)
 d - a wand of charming (14)
 e - a wand of iceblast (8)
Scrolls
 i - 3 scrolls of teleportation {unknown}
 j - 6 scrolls of identify {unknown}
 k - a scroll of fog {unknown}
 l - 3 scrolls of fear {unknown}
 p - a scroll of blinking {unknown}
 t - a scroll of brand weapon {unknown}
 u - 6 scrolls of noise {unknown}
 v - 3 scrolls of amnesia {unknown}
 y - a scroll of vulnerability {unknown}
 F - 2 scrolls of poison {unknown}
 I - a scroll of enchant weapon {unknown}
Potions
 b - 2 potions of might {unknown}
 m - 6 potions of curing {unknown}
 o - a potion of brilliance {unknown}
 r - 4 potions of lignification {unknown}
 B - a potion of heal wounds {unknown}
 G - 2 potions of degeneration {unknown}
 J - 4 potions of enlightenment {unknown}


   Skills:
 + Level 3.7 Fighting
 + Level 2.8 Throwing
 + Level 3.7 Armour
 + Level 3.2 Dodging
 * Level 3.1 Stealth
 + Level 2.5 Shields
 + Level 1.8 Spellcasting
 * Level 0.5 Hexes
 + Level 4.6 Evocations


You had 9 spell levels left.
You knew the following spells:

 Your Spells              Type           Power      Damage    Failure   Level
a - Slow                  Hex            8%         N/A       43%         1

Your spell library contained the following spells:

 Spells                   Type           Power      Damage    Failure   Level
 Confusing Touch          Hex            2%         N/A       82%         3
 Summon Guardian Golem    Hex/Summ       2%         N/A       86%         3
 Vampiric Draining        Necr           1%         2d6       88%         3
 Orb of Destruction       Conj           0%         9d5       100%        7
 Spellforged Servitor     Conj/Summ      0%         N/A       100%        7


Dungeon Overview and Level Annotations

Branches:
Dungeon (6/15)             Temple (1/1) D:4         Ossuary (visited)

Altars:
Ashenzari
Cheibriados
Dithmenos
Fedhas
Gozag
Hepliaklqana
Kikubaaqudgha
Nemelex Xobeh
Okawaru
Qazlal
Ru
Sif Muna
Trog
Uskayaw
Wu Jian
Xom
Yredelemnul

Shops:
D:1 !

Annotations:
D:5 2 transporters, smokingjp's ghost, novice TrFi
D:6 Edmund


Innate Abilities, Weirdness & Mutations

You have an unnaturally thin skeletal structure. (Dex +6, Stealth+++)
Spells you cast may paralyse adjacent enemies.
You have a small tail.


Message History

Edmund is lightly wounded.
You rampage towards Edmund!
Found 9 gold pieces.
You puncture Edmund!
Edmund is moderately wounded.
Edmund closely misses you.
Edmund clears his throat.
Edmund hits you with a +1 heavy flail.
You hit Edmund but do no damage.
Edmund is moderately wounded.
Edmund hits you but does no damage.
You barely miss Edmund.
Edmund is moderately wounded.
Edmund says, "A flail is better than a scythe, any day of the week!"
Edmund barely misses you.
You hit Edmund.
Edmund is heavily wounded.
Edmund hits you with a +1 heavy flail!
You barely miss Edmund.
Edmund is heavily wounded.
Edmund hits you with a +1 heavy flail! Edmund closely misses you.
You closely miss Edmund.
Edmund is heavily wounded.
Edmund hits you with a +1 heavy flail.
You barely miss Edmund. You tail-slap Edmund, but do no damage.
Edmund is heavily wounded.
Edmund hits you with a +1 heavy flail!
You hit Edmund.
Edmund is heavily wounded.
Edmund hits you with a +1 heavy flail! x2
* * * LOW HITPOINT WARNING * * *
You puncture Edmund!
Edmund is severely wounded.
Edmund barely misses you.
You puncture Edmund!
Edmund is almost dead.
Edmund barely misses you.
You completely miss Edmund.
Edmund is almost dead.
Edmund hits you with a +1 heavy flail!
You die...
Your body crumbles into a pile of gold.

... #$ . #.. .. $.#..#
#.# ......# ##..###
.......## #......
........## ####. ..#
..........###..... ..#
#........@@.....#
#...#...##...........##
##.......#.......##).##
.##.............#.....#
'###.....#.......?....#
....#....#.........[###
...###........#.#.#.#
..##.##.....#.......###
.###'###..#...#.#.#...##


You could see Edmund.

Vanquished Creatures
  An ice beast (D:5)
  An ogre (D:4)
  A centaur (D:6)
  An elf zombie (Ossuary)
  3 scorpions
  A howler monkey (D:5)
  A centaur zombie (Ossuary)
  A hound (D:5)
  A human zombie (Ossuary)
  A gnoll bouda (D:4)
  An iguana (D:5)
  An orc wizard (D:3)
  A sleepcap (D:5)
  3 mummies
  8 adders
  6 gnolls
  2 ufetubi
  An adder zombie (Ossuary)
  2 worms
  A dart slug (D:1)
  8 orcs
  7 ball pythons
  5 bats
  4 endoplasms
  3 giant cockroaches
  6 goblins
  3 hobgoblins
  A quokka (D:1)
  2 frilled lizards (D:1)
  4 goblin zombies
  14 hobgoblin zombies
  9 kobolds
  7 kobold zombies (Ossuary)
  8 orc zombies (Ossuary)
  2 rats
  2 rat zombies (Ossuary)
123 creatures vanquished.

Vanquished Creatures (collateral kills)
  2 orcs (D:3)
2 creatures vanquished.

Vanquished Creatures (others)
  An orc (D:3)
1 creature vanquished.

Grand Total: 126 creatures vanquished

Notes
Turn   | Place    | Note
-------+----------+-------------------------------------------
     0 | D:1      | voltaire321 the Demonspawn Artificer began the quest for
                  | the Orb.
     0 | D:1      | Reached XP level 1. HP: 15/15 MP: 1/1
    95 | D:1      | Reached skill level 1 in Dodging
   107 | D:1      | Gained mutation: Spells you cast may paralyse adjacent
                  | enemies. [demonic ancestry]
   107 | D:1      | Reached XP level 2. HP: 20/21 MP: 2/2
   304 | D:1      | Reached skill level 1 in Stealth
   519 | D:1      | Reached XP level 3. HP: 26/26 MP: 3/3
   930 | D:1      | Found Betiliph's Distillery.
  1631 | D:2      | Gained mutation: You have a somewhat thin skeletal
                  | structure. (Dex +2, Stealth+) [demonic ancestry]
  1631 | D:2      | Reached XP level 4. HP: 30/33 MP: 4/4
  2137 | D:3      | Found a faded altar of an unknown god.
  2491 | D:3      | Gained mutation: You have a small tail. [demonic ancestry]
  2491 | D:3      | Reached XP level 5. HP: 29/39 MP: 5/5
  2618 | D:3      | Found the Hermit's Pendant {Faith Invo=14 Evo=0 MP+5}
  2776 | D:3      | Identified the +0 ring mail "Tunwox" {Rampage rC+ Int+2}
  2824 | D:3      | Found a sparkling altar of Nemelex Xobeh.
  2921 | D:4      | Noticed an ogre
  2926 | D:4      | Killed an ogre
  2927 | D:4      | Reached skill level 1 in Shields
  2927 | D:4      | Reached skill level 4 in Evocations
  3049 | D:4      | Found a blossoming altar of Fedhas.
  3474 | D:4      | Gained mutation: You have a moderately thin skeletal
                  | structure. (Dex +4, Stealth++) [demonic ancestry]
  3474 | D:4      | Reached XP level 6. HP: 32/46 MP: 6/6
  3664 | D:4      | Found a staircase to the Ecumenical Temple.
  3673 | Temple   | Entered the Ecumenical Temple
  3808 | Temple   | Became a worshipper of Gozag Ym Sagoz the Greedy
  4129 | D:5      | Entered Level 5 of the Dungeon
  4149 | D:5      | Reached skill level 1 in Throwing
  4183 | D:5      | Found Kips's Vocational Training.
  4414 | D:5      | Reached skill level 1 in Spellcasting
  4471 | D:5      | Noticed smokingjp's ghost (novice TrFi)
  4476 | D:5      | Found a transporter.
  4492 | D:5      | Found a transporter.
  4675 | D:5      | Gained mutation: You have an unnaturally thin skeletal
                  | structure. (Dex +6, Stealth+++) [demonic ancestry]
  4675 | D:5      | Reached XP level 7. HP: 51/52 MP: 8/8
  4890 | D:6      | Found a sand-covered staircase.
  4897 | Ossuary  | Entered an ossuary
  5209 | D:6      | Noticed Edmund
  5217 | D:6      | Learned a level 1 spell: Slow
  5229 | D:6      | Reached XP level 8. HP: 59/60 MP: 10/10
  5245 | D:6      | Slain by Edmund

Illustrated notes

Levels and vault maps discovered:
D:1:      kilobyte_arrival_exit_the_forest, layout_loops_corners, serial_shops,
          nicolae_shop_real_fake_doors, skrybe_limestone_x,
          minmay_misc_feat_diagonals
D:2:      kennysheep_six_static_rooms, layout_basic, serial_aquarium,
          aquarium_bridge_square [aquarium_subvault_balcony,
          aquarium_subvault_bridge, aquarium_subvault_wall,
          aquarium_subvault_bridge], aquarium_bridge_long_separate
          [aquarium_subvault_bridge, aquarium_subvault_balcony,
          aquarium_subvault_bridge, aquarium_subvault_balcony,
          aquarium_subvault_bridge, aquarium_subvault_wall], aquarium_window_3,
          aquarium_window_1, aquarium_window_fake, aquarium_view_2c
D:3:      layout_loops_cross, lemuel_doored_altar, nicolae_ecumenical_pavilion
D:4:      layout_basic, lemuel_round_altar, lemuel_temple_firewalk_b
D:5:      layout_basic, gammafunk_ghost_arena, nicolae_shop_vocational
D:6:      layout_cave_pools, vehumet_statue, nicolae_ossuary_entry_giza,
          serial_glass, glass_columns_a, glass_columns_b, feat_on_display,
          feat_on_display, due_unseen_surprise, uniq_crazy_yiuf_cottage,
          uniq_edmund, uniq_sigmund, uniq_grinder
Temple:   kb_temple_of_zot

Skill      XL: |  1  2  3  4  5  6  7 |
---------------+----------------------+-----
Dodging        | 1 2 3 |  3.2
Armour         | 2 3 |  3.7
Stealth        | 1 3 |  3.1
Fighting       | 2 3 |  3.7
Shields        | 1 2 |  2.5
Evocations     | 4 |  4.6
Throwing       | 1 2 |  2.8
Spellcasting   | 1 |  1.8
Hexes          | |  0.5

Action                     |  1- 3 |  4- 6 |  7- 9 || total
---------------------------+-------+-------+-------++-------
  Melee: Club              |    13 |       |       ||    13
         Flail             |    95 |    34 |       ||   129
         Trident           |       |   101 |   122 ||   223
         Tailslap          |       |     9 |    10 ||    19
  Throw: Boomerang         |       |       |     2 ||     2
  Evoke: Wand              |     1 |     7 |       ||     8
   Stab: Sleeping          |     2 |    14 |    14 ||    30
         Distracted        |       |       |     2 ||     2
 Armour: Leather armour    |    56 |    34 |       ||    90
         Ring mail         |       |    32 |    65 ||    97
  Dodge: Dodged            |    72 |    77 |    84 ||   233
  Block: Buckler           |       |    25 |    41 ||    66

Table legend: (Time is in decaauts)
 A = Elapsed time spent in this place.
 B = Non-inter-level travel time spent in this place.
 C = Inter-level travel time spent in this place.
 D = Time resting spent in this place.
 E = Time spent auto-exploring this place.
 F = Levels seen in this place.
 G = Mean time per level.
                   A        B        C        D        E       F      G
               +--------+--------+--------+--------+--------+-----+--------+
         Total |   5532 |   5170 |    362 |    139 |   3468 |   8 |  691.5 |
       Dungeon |   4993 |   4689 |    304 |    139 |   3288 |   6 |  832.2 |
        Temple |    162 |    104 |     58 |      0 |     92 |   1 |  162.0 |
       Ossuary |    377 |    377 |      0 |      0 |     88 |   1 |  377.0 |
               +--------+--------+--------+--------+--------+-----+--------+

Top non-repeatable levels by time:
     D:1: 1102 daAuts
     D:2: 1089 daAuts
     D:4: 973 daAuts
     D:3: 933 daAuts
     D:5: 757 daAuts
 Ossuary: 377 daAuts
  Temple: 162 daAuts
     D:6: 137 daAuts
